 Dungeon Crawl Stone Soup version 0.28.0-45-g0d030f2227 (webtiles) character file.

Game seed: 15965462946022524874

2841 Ablot the Slicer (level 9, 0/81 HPs)
             Began as a Gnoll Chaos Knight on Apr 14, 2022.
             Was a Plaything of Xom.
             Slain by a manticore (15 damage)
             ... on level 7 of the Dungeon.
             The game lasted 00:13:35 (8382 turns).

Ablot the Slicer (Gnoll Chaos Knight)               Turns: 8382, Time: 00:13:36

Health: 0/81       AC: 16    Str: 14    XL:     9   Next: 74%
Magic:  15/15      EV: 13    Int: 23    God:    Xom [....*.]
Gold:   315        SH:  5    Dex: 15    Spells: 14/17 levels left

rFire   . . .      SeeInvis .   C - +1 dagger (chaos)
rCold   . . .      Faith    .   (no shield)
rNeg    . . .      Spirit   .   A - +2 ring mail of Contentment {Int+4 Dex+3 Stlth+}
rPois   .          Reflect  +   (helmet restricted)
rElec   .          Harm     .   (no cloak)
rCorr   .          Rampage  .   (no gloves)
Will    .....                   x - +1 pair of boots
Stlth   +++.......              e - amulet of reflection
HPRegen 0.23/turn               B - +6 ring of intelligence
MPRegen 0.14/turn               N - +4 ring of protection

@: spiked, unable to read
A: fangs 2, strong nose, distributed training, horns 1, iridescent scales 1,
robust 1, inability to read while threatened, noise suppression
a: Renounce Religion


You were on level 7 of the Dungeon.
You worshipped Xom.
You were a beloved toy of Xom.
You visited 1 branch of the dungeon, and saw 7 of its levels.

You collected 315 gold pieces.

Inventory:

Hand Weapons
 a - a +0 short sword of chaos
 q - a +2 glaive of venom
 C - a +1 dagger of chaos (weapon)
Missiles
 b - 80 bolts
 c - 325 stones
 j - 33 sling bullets
 s - 9 boomerangs
 t - 11 arrows
 v - 5 javelins
 D - 9 poisoned darts (quivered)
 O - a throwing net
Armour
 f - a +1 ring mail of cold resistance
 x - a +1 pair of boots (worn)
 A - the +2 ring mail of Contentment (worn) {Int+4 Dex+3 Stlth+}
   (You found it on level 5 of the Dungeon)

   Int:       It affects your intelligence (+4).
   Dex:       It affects your dexterity (+3).
   Stlth:     It makes you more stealthy.
 K - the +1 chain mail of Suinoh {*Slow +Blink rN+++ Regen+}
   (You found it on level 6 of the Dungeon)

   rN:        It renders you almost immune to negative energy.
   +Blink:    It lets you blink.
   Regen:     It increases your rate of health regeneration.
   *Slow:     It may slow you when you take damage.
Jewellery
 e - an amulet of reflection (around neck)
 B - a +6 ring of intelligence (left hand)
 G - a ring of ice
 L - a ring of resist corrosion
 N - a +4 ring of protection (right hand)
Wands
 w - a wand of digging (8)
 F - a wand of charming (8)
Scrolls
 d - 2 scrolls of noise {unknown}
 g - 3 scrolls of identify {unknown}
 i - 2 scrolls of acquirement {unknown}
 m - 2 scrolls of immolation {unknown}
 p - 2 scrolls of teleportation {unknown}
 y - a scroll of blinking {unknown}
 z - 2 scrolls of fog {unknown}
Potions
 h - 3 potions of lignification {unknown}
 k - a potion of magic {unknown}
 l - 2 potions of curing
 n - 3 potions of flight {unknown}
 o - 2 potions of haste
 r - a potion of brilliance {unknown}
 u - 4 potions of heal wounds {unknown}
 E - a potion of might {unknown}
 H - a potion of invisibility {unknown}
 I - a potion of mutation {unknown}
 J - a potion of resistance {unknown}
 M - a potion of attraction {unknown}


   Skills:
 + Level 8.0 Fighting
 + Level 8.0 Short Blades
 + Level 4.5 Long Blades
 + Level 4.5 Axes
 + Level 4.5 Maces & Flails
 + Level 4.5 Polearms
 + Level 4.5 Staves
 + Level 4.5 Slings
 + Level 4.5 Bows
 + Level 4.5 Crossbows
 + Level 4.5 Throwing
 + Level 6.5 Armour
 + Level 5.3 Dodging
 + Level 4.5 Stealth
 + Level 4.5 Shields
 + Level 4.5 Unarmed Combat
 + Level 4.5 Spellcasting
 + Level 3.7 Conjurations
 + Level 3.7 Hexes
 + Level 3.7 Summonings
 + Level 3.7 Necromancy
 + Level 3.7 Translocations
 + Level 3.7 Transmutations
 + Level 3.7 Fire Magic
 + Level 3.7 Ice Magic
 + Level 3.7 Air Magic
 + Level 3.7 Earth Magic
 + Level 3.7 Poison Magic
 + Level 5.0 Invocations
 + Level 4.5 Evocations


You had 14 spell levels left.
You knew the following spells:

 Your Spells              Type           Power      Damage    Failure   Level
a - Ozocubu's Armour      Ice            22%        N/A       12%         3

Your spell library contained the following spells:

 Spells                   Type           Power      Damage    Failure   Level
 Ozocubu's Refrigeration  Ice            11%        4d7       100%        7


Dungeon Overview and Level Annotations

Branches:
Dungeon (7/15)             Temple (0/1) D:6

Altars:
Cheibriados
Elyvilon
Nemelex Xobeh
Qazlal
Ru
Wu Jian
Xom

Shops:
D:7 =

Annotations:
D:4 1 runed translucent door
D:5 1 exclusion


Innate Abilities, Weirdness & Mutations

You have extremely sharp teeth.
Your uncanny sense of smell can sniff out nearby items.
Your experience applies equally to all skills.
You have a pair of small horns on your head.
You are partially covered in iridescent scales. (AC +2)
You are robust. (+10% HP)
You sometimes lose the ability to read scrolls when taking damage.
You passively dampen the noise of your surroundings.


Message History

You bite the manticore, but do no damage.
The manticore is moderately wounded.
You hit the manticore. You freeze the manticore.
Your bite misses the manticore.
The manticore is moderately wounded.
Xom's power touches on a nearby monster.
The manticore flickers and vanishes!
Deactivating autopickup; reactivate with Ctrl-A.
Something bites you but does no damage. Something claws you!
Something claws you but does no damage.
A volley of spikes appears from out of thin air!
The volley of spikes hits you!
The barbed spikes become lodged in your body.
The barbs in your skin will harm you if you move.
Continue?
The barbed spikes dig painfully into your body as you move.
A volley of spikes appears from out of thin air!
The volley of spikes hits you!
The barbed spikes become lodged in your body.
You feel threatened and lose the ability to read scrolls!
Unknown command.
Okay, then.
Okay, then.
It was a potion of curing.
You feel better.
Unknown command.
A volley of spikes appears from out of thin air!
The volley of spikes hits you but does no damage.
You barely miss something. Your headbutt misses something. Something bites you.
Something claws you. Something claws you but does no damage.
You hit something. You burn something. You hit something but do no damage.
Nothing appears to happen.
Something bites you but does no damage.
Something claws you but does no damage. x2
You hit something but do no damage. Your headbutt misses something.
Your bite misses something. You hit something. Something bites you!
Something claws you but does no damage. Something claws you.
You hit something but do no damage. Something bites you!
* * * LOW HITPOINT WARNING * * *
Something barely misses you. Something claws you!
You die... "It's all fun and games until someone loses an eye."

#... ∆...##.bbb§
..(# ## ##.b.. ∆
##.(# ####. #.#
#...# #. #.# #!..#
#. #.# #...##### #.
#.# #......... #.
#.# ##{.###.##. #.
#.# #@....# # #.
##.########.###...#
#. #...........#
.### ∆ #.
#..########># . #.
######..###### #...
# #. .............#
###.# .# #.
######..####.##
>#### #.# #.
#........# ...# #.#
#. #.#####..# ##.#
#.# #.


There were no monsters in sight!

Vanquished Creatures
  The ghost of Ablot the Cutter, a novice GnCK of Xom (D:4)
  Sigmund (D:6)
  A water moccasin (D:7)
  Duvessa (D:6)
  4 black bears
  2 ogres (D:5)
  An ice beast (D:7)
  A phantom (D:5)
  A kobold brigand (D:5)
  Blork the orc (D:4)
  A gnoll sergeant (D:6)
  A bullfrog (D:7)
  2 scorpions
  Dowan (D:6)
  6 killer bees
  4 wights (D:6)
  2 howler monkeys (D:7)
  3 bullfrog zombies
  2 centaur zombies
  An orc priest (D:5)
  A hound (D:4)
  A bullfrog skeleton (D:6)
  2 orc wizards
  The ghost of Renatus the Sneak, a weakling DEDe of Zin (D:5)
  4 gnolls (D:6)
  2 howler monkey skeletons
  A river rat (D:4)
  4 adders
  A shadow imp (D:6)
  An ufetubus (D:4)
  An adder zombie (D:5)
  An adder skeleton (D:5)
  2 worms
  3 dart slugs
  15 orcs
  9 ball pythons
  5 endoplasms
  4 giant cockroaches
  6 goblins
  5 hobgoblins
  6 jackals
  15 kobolds
  2 quokkas
  6 bats
  A frilled lizard (D:1)
  7 rats
143 creatures vanquished.

Vanquished Creatures (collateral kills)
  A hobgoblin (D:1)
1 creature vanquished.

Vanquished Creatures (others)
  A plant (D:4)
1 creature vanquished.

Grand Total: 145 creatures vanquished

Notes
Turn   | Place    | Note
-------+----------+-------------------------------------------
     0 | D:1      | Ablot the Gnoll Chaos Knight began the quest for the Orb.
     0 | D:1      | Reached XP level 1. HP: 23/23 MP: 1/1
   165 | D:1      | Reached XP level 2. HP: 25/29 MP: 2/2
   171 | D:1      | XOM: silly message
   233 | D:1      | XOM: cast spell 'Call Canine Familiar'
  1005 | D:2      | Reached XP level 3. HP: 35/35 MP: 3/3
  1044 | D:2      | Reached skill level 1 in Invocations
  1190 | D:2      | Found a faded altar of an unknown god.
  1325 | D:2      | XOM: noise
  1349 | D:2      | Reached skill level 1 in Long Blades
  1349 | D:2      | Reached skill level 1 in Axes
  1349 | D:2      | Reached skill level 1 in Maces & Flails
  1349 | D:2      | Reached skill level 1 in Polearms
  1349 | D:2      | Reached skill level 1 in Staves
  1349 | D:2      | Reached skill level 1 in Slings
  1349 | D:2      | Reached skill level 1 in Bows
  1349 | D:2      | Reached skill level 1 in Crossbows
  1349 | D:2      | Reached skill level 1 in Throwing
  1349 | D:2      | Reached skill level 1 in Stealth
  1349 | D:2      | Reached skill level 1 in Shields
  1349 | D:2      | Reached skill level 1 in Unarmed Combat
  1349 | D:2      | Reached skill level 1 in Spellcasting
  1349 | D:2      | Reached skill level 1 in Evocations
  1921 | D:3      | Reached XP level 4. HP: 39/41 MP: 5/5
  2097 | D:3      | XOM: silly message
  2103 | D:3      | XOM: butterfly on damage
  2110 | D:3      | XOM: 5-stop teleportation journey
  2325 | D:3      | XOM: scenery: create altars
  2566 | D:3      | XOM: give mutation
  2566 | D:3      | Gained mutation: You tend to lose your temper in combat.
                  | [Xom's mischief]
  2677 | D:3      | XOM: give mutations
  2677 | D:3      | Lost mutation: You tend to lose your temper in combat.
                  | [Xom's mischief]
  2677 | D:3      | Gained mutation: You are partially covered in iridescent
                  | scales. (AC +2) [Xom's mischief]
  2814 | D:3      | XOM: cast spell 'Necromutation'
  2821 | D:3      | Reached skill level 1 in Conjurations
  2821 | D:3      | Reached skill level 1 in Hexes
  2821 | D:3      | Reached skill level 1 in Summonings
  2821 | D:3      | Reached skill level 1 in Necromancy
  2821 | D:3      | Reached skill level 1 in Translocations
  2821 | D:3      | Reached skill level 1 in Transmutations
  2821 | D:3      | Reached skill level 1 in Fire Magic
  2821 | D:3      | Reached skill level 1 in Ice Magic
  2821 | D:3      | Reached skill level 1 in Air Magic
  2821 | D:3      | Reached skill level 1 in Earth Magic
  2821 | D:3      | Reached skill level 1 in Poison Magic
  2821 | D:3      | Reached XP level 5. HP: 39/47 MP: 6/6
  3056 | D:3      | XOM: give mutations
  3056 | D:3      | Gained mutation: You are robust. (+10% HP) [Xom's grace]
  3056 | D:3      | Gained mutation: You have a pair of small horns on your
                  | head. [Xom's grace]
  3149 | D:4      | Noticed a black bear
  3151 | D:4      | XOM: enchant monster (good)
  3158 | D:4      | Killed a black bear
  3169 | D:4      | Reached XP level 6. HP: 47/58 MP: 6/8
  3384 | D:4      | Found a snail-covered altar of Cheibriados.
  3482 | D:4      | Noticed Blork the orc
  3556 | D:4      | Killed Blork the orc
  3557 | D:4      | Reached skill level 5 in Armour
  3744 | D:4      | XOM: god gift: runed scale mail {god gift}
  3755 | D:4      | Found a white marble altar of Elyvilon.
  3894 | D:4      | Found a runed translucent door.
  3896 | D:4      | Noticed Ablot's ghost (novice GnCK)
  3930 | D:4      | Found a runed translucent door.
  4012 | D:4      | Noticed a black bear
  4029 | D:4      | Killed a black bear
  4030 | D:4      | Reached XP level 7. HP: 64/64 MP: 10/10
  4042 | D:4      | XOM: god gift: quarterstaff {god gift}
  4463 | D:4      | Killed Ablot's ghost
  4570 | D:5      | Entered Level 5 of the Dungeon
  4591 | D:5      | XOM: enchant monster (good)
  4598 | D:5      | Reached XP level 8. HP: 73/73 MP: 12/12
  4618 | D:5      | XOM: enchant monster (good)
  4716 | D:5      | Found a sparkling altar of Nemelex Xobeh.
  4743 | D:5      | XOM: fog
  4751 | D:5      | XOM: summons 5 hostile demons
  5046 | D:5      | Found an ornate altar of the Wu Jian Council.
  5111 | D:5      | Identified the +2 ring mail of Contentment {Int+4 Dex+3
                  | Stlth+}
  5152 | D:5      | XOM: summons 5 hostile demons
  5153 | D:5      | Noticed a rust devil
  5449 | D:5      | XOM: torment (34/73 hp)
  5693 | D:5      | XOM: give mutations
  5693 | D:5      | Gained mutation: You sometimes lose the ability to read
                  | scrolls when taking damage. [Xom's mischief]
  5693 | D:5      | Gained mutation: Your body sometimes deteriorates upon
                  | taking damage. [Xom's mischief]
  5693 | D:5      | Gained mutation: You are weak. (Str -2) [Xom's mischief]
  5693 | D:5      | Lost mutation: Your body sometimes deteriorates upon taking
                  | damage. [Xom's mischief]
  5705 | D:5      | Found a runed translucent gate.
  5705 | D:5      | Found a runed translucent gate.
  5705 | D:5      | Found a runed translucent gate.
  5707 | D:5      | Noticed Renatus's ghost (weakling DEDe)
  5747 | D:5      | Killed Renatus's ghost
  5749 | D:5      | XOM: god gift: fizzy orange potion {god gift}
  5908 | D:5      | XOM: give mutations
  5908 | D:5      | Gained mutation: You passively dampen the noise of your
                  | surroundings. [Xom's grace]
  5908 | D:5      | Lost mutation: You are weak. (Str -2) [Xom's grace]
  5984 | D:6      | Found a sacrificial altar of Ru.
  6073 | D:6      | XOM: fog
  6377 | D:6      | Reached XP level 9. HP: 79/79 MP: 14/14
  6406 | D:6      | Noticed Duvessa
  6406 | D:6      | Noticed Dowan
  6409 | D:6      | Killed Dowan
  6432 | D:6      | Killed Duvessa
  6904 | D:6      | Noticed Sigmund
  6941 | D:6      | Killed Sigmund
  6954 | D:6      | Identified the +1 chain mail of Suinoh {*Slow +Blink rN+++
                  | Regen+}
  7296 | D:6      | Found a staircase to the Ecumenical Temple.
  7466 | D:6      | Reached skill level 5 in Dodging
  7520 | D:6      | XOM: god gift: 18 bolts
  7603 | D:7      | XOM: polymorph killer bee -> howler monkey
  7616 | D:7      | XOM: potion effect (curing)
  7759 | D:7      | Found a stormy altar of Qazlal.
  7789 | D:7      | Found Muuvud's Jewellery Boutique.
  7789 | D:7      | Noticed a manticore
  7789 | D:7      | XOM: scenery: summon butterflies
  7789 | D:7      | XOM: butterfly on damage
  7801 | D:7      | XOM: confuse monster(s)
  7803 | D:7      | XOM: 2-stop teleportation journey
  7812 | D:7      | XOM: give mutation
  7812 | D:7      | Gained mutation: You have extremely sharp teeth. [Xom's
                  | grace]
  8076 | D:7      | XOM: noise
  8083 | D:7      | Learned a level 3 spell: Ozocubu's Armour
  8164 | D:7      | XOM: 1-stop teleportation journey
  8252 | D:7      | XOM: enchant monster (good)
  8270 | D:7      | Reached skill level 5 in Invocations
  8370 | D:7      | XOM: enchant monster (bad)
  8382 | D:7      | Slain by a manticore

Illustrated notes

Levels and vault maps discovered:
D:1:      elethiomel_arrival_fortress_basement, layout_loops_ring
D:2:      layout_loops_ring, hellmonk_ecumenical_altar_dog_temple,
          hangedman_abyss_or_decor_lesser_grid, dk_vineyard_1, minmay_tall_x
D:3:      layout_basic
D:4:      layout_loops_ring, mainiacjoe_overflow_catwalk,
          nicolae_overflow_crystal_walls, ebering_ghost_sewer_f, st_stairs_1,
          serial_bayou_pond_d, uniq_blork_the_orc
D:5:      layout_rooms, old_standard_altar, mainiacjoe_overflow_tiny_flanked,
          serial_glass, glass_columns_a, glass_columns_a,
          gammafunk_ghost_nasty_kobolds, nicolae_underground_beach
D:6:      layout_loops_ring, kennysheep_mini, minmay_temple_entry_hall,
          chequers_hall_statues_wall_a, uniq_sigmund, uniq_duvessa
D:7:      layout_loops_ring, mainiacjoe_overflow_six_doors_small, serial_shops,
          shop, chequers_serial_rivers_micro_d

Skill      XL: |  1  2  3  4  5  6  7  8  9 |
---------------+----------------------------+-----
Invocations    | 1 2 3 4 5 |  5.0
Long Blades    | 1 2 3 4 |  4.5
Axes           | 1 2 3 4 |  4.5
Maces & Flails | 1 2 3 4 |  4.5
Polearms       | 1 2 3 4 |  4.5
Staves         | 1 2 3 4 |  4.5
Slings         | 1 2 3 4 |  4.5
Bows           | 1 2 3 4 |  4.5
Crossbows      | 1 2 3 4 |  4.5
Throwing       | 1 2 3 4 |  4.5
Stealth        | 1 2 3 4 |  4.5
Shields        | 1 2 3 4 |  4.5
Unarmed Combat | 1 2 3 4 |  4.5
Spellcasting   | 1 2 3 4 |  4.5
Evocations     | 1 2 3 4 |  4.5
Conjurations   | 1 2 3 |  3.7
Hexes          | 1 2 3 |  3.7
Summonings     | 1 2 3 |  3.7
Necromancy     | 1 2 3 |  3.7
Translocations | 1 2 3 |  3.7
Transmutations | 1 2 3 |  3.7
Fire Magic     | 1 2 3 |  3.7
Ice Magic      | 1 2 3 |  3.7
Air Magic      | 1 2 3 |  3.7
Earth Magic    | 1 2 3 |  3.7
Poison Magic   | 1 2 3 |  3.7
Dodging        | 3 4 5 |  5.3
Armour         | 5 6 |  6.5
Fighting       | 7 8 |  8.0
Short Blades   | 7 8 |  8.0

Action                   |  1- 3 |  4- 6 |  7- 9 || total
-------------------------+-------+-------+-------++-------
Melee: Short sword       |   119 |   129 |   198 ||   446
       Bite              |    10 |    11 |    62 ||    83
       Punch             |     2 |     1 |    13 ||    16
       Headbutt          |       |    15 |    94 ||   109
       Dagger            |       |       |   204 ||   204
       Glaive            |       |       |    27 ||    27
Throw: Stone             |       |     6 |       ||     6
       Boomerang         |       |       |     4 ||     4
       Dart              |       |       |     7 ||     7
  Use: Potion            |       |       |     1 ||     1
 Stab: Paralysed         |       |     2 |     4 ||     6
       Petrifying        |       |       |     3 ||     3
       Sleeping          |       |       |     4 ||     4
       Confused          |       |       |     2 ||     2
       Distracted        |       |       |     1 ||     1
Armor: Leather armour    |     5 |       |       ||     5
       Ring mail         |    29 |    42 |   174 ||   245
Dodge: Dodged            |    56 |    67 |   188 ||   311
Block: Other             |    25 |    29 |    95 ||   149
       Reflection        |     1 |       |     2 ||     3
